 Dungeon Crawl Stone Soup version 0.29-a0-824-gd827844252 (console) character file.

Game seed: 15013828657354575227

4358 CannotBeFrozen the Carver (level 9, -3/68 HPs)
             Began as a Demigod Warper on July 9, 2022.
             Shot with a bolt by an orc warrior (17 damage)
             ... on level 8 of the Dungeon.
             The game lasted 00:30:40 (10844 turns).

CannotBeFrozen the Carver (Demigod Warper)         Turns: 10844, Time: 00:30:40

Health: -3/68      AC:  6    Str: 18    XL:     9   Next: 89%
Magic:  17/17      EV: 14    Int: 15    God:
Gold:   272        SH:  5    Dex: 31    Spells: 12/14 levels left

rFire   . . .      SeeInvis .   b - +3 short sword (venom)
rCold   . . .      Faith    .   (no shield)
rNeg    + . .      Spirit   .   r - +2 robe {rN+}
rPois   .          Reflect  +   (no helmet)
rElec   .          Harm     .   m - +0 cloak
rCorr   .          Rampage  .   (no gloves)
Will    .....                   k - +0 pair of boots
Stlth   +++.......              q - amulet of reflection
HPRegen 0.21/turn               u - +6 ring of strength
MPRegen 0.15/turn               w - +6 ring of dexterity

@: no status effects
A: high MP 1, forlorn, divine attributes
a: no special abilities


You were on level 8 of the Dungeon.
You visited 1 branch of the dungeon, and saw 8 of its levels.

You collected 451 gold pieces.
You spent 179 gold pieces at shops.

Inventory:

Hand Weapons
 a - the +8 rapier of the Magi {drain, Fly rPois}
   (You found it on level 4 of the Dungeon)

   A truly terrible weapon, it drains the life of any living foe it strikes.
   rPois:     It protects you from poison.
   Fly:       It grants you flight.
 b - a +3 short sword of venom (weapon)
 t - a +0 falchion
Missiles
 d - 7 boomerangs of dispersal {=f=F}
 f - 5 boomerangs
 h - 89 stones
 o - 9 poisoned darts (quivered)
 v - a throwing net {=f=F}
Armour
 k - a +0 pair of boots (worn)
 m - a +0 cloak (worn)
 r - a +2 robe of positive energy (worn)
 y - +0 steam dragon scales
Jewellery
 q - an amulet of reflection (around neck)
 u - a +6 ring of strength (left hand)
 w - a +6 ring of dexterity (right hand)
Wands
 x - a wand of mindburst (7)
Scrolls
 c - a scroll of blinking
 i - 3 scrolls of amnesia
 n - 3 scrolls of teleportation {@r2}
 p - 2 scrolls of identify {@r1}
Potions
 e - 3 potions of brilliance
 g - 3 potions of heal wounds {@q2}
 j - 6 potions of curing {@q1}
 l - a potion of haste
 s - a potion of attraction
 z - a potion of magic
 A - a potion of berserk rage {unknown}


   Skills:
 + Level 2.6 Fighting
 - Level 2.7(7.7) Short Blades
 - Level 11.3(11.5) Long Blades
 - Level 2.0 Throwing
 - Level 1.0 Armour
 + Level 2.6 Dodging
 - Level 2.0 Stealth
 + Level 3.3 Spellcasting
 + Level 5.3 Translocations


You had 12 spell levels left.
You knew the following spells:

 Your Spells              Type           Power      Damage    Failure   Level
z - Blink                 Tloc           36%        N/A       3%          2

Your spell library contained the following spells:

 Spells                   Type           Power      Damage    Failure   Level
 Gell's Gravitas          Tloc           18%        N/A       7%          3
 Lesser Beckoning         Tloc           18%        N/A       7%          3
 Teleport Other           Tloc           18%        N/A       7%          3
 Manifold Assault         Tloc           18%        N/A       52%         5
 Fireball                 Conj/Fire      1%         3d3       99%         5
 Starburst                Conj/Fire      1%         6d3       100%        6
 Ignition                 Fire           1%         3d3       100%        8


Dungeon Overview and Level Annotations

Branches:
Dungeon (8/15)             Temple (0/1) D:6
   Lair: D:8-11

Shops:
D:4 *:?*

Annotations:
D:5 2 transporters, ouz's ghost, novice DEHu
D:7 Menkaure


Innate Abilities, Weirdness & Mutations

You have an increased reservoir of magic. (+10% MP)
You shall have no god before yourself.
Your divine heritage dramatically boosts your attributes as you level up.


Message History

The poisoned dart hits the two-headed ogre.
The two-headed ogre is poisoned.
You throw a poisoned dart.
The poisoned dart hits the two-headed ogre.
You throw a poisoned dart.
The poisoned dart barely misses the two-headed ogre.
Casting: Blink (safe; 3% risk of failure)
Confirm with . or Enter, or press ? or * to list all spells.
You blink.
MP: 15/17 (-2)
You hit the two-headed ogre.
The two-headed ogre is poisoned.
The two-headed ogre is lightly wounded.
You hit the two-headed ogre but do no damage.
The two-headed ogre looks as sick as possible!
The two-headed ogre is lightly wounded.
The two-headed ogre hits you with a +0 giant spiked club!! x2
* * * LOW HITPOINT WARNING * * *
HP: 29/68 (-39) =====------- !!!!!
The two-headed ogre attacks as you move away!
The two-headed ogre closely misses you. The two-headed ogre barely misses you.
You feel stable enough to blink again.
There is a stone staircase leading down here.
You climb downwards.
The orc shouts!
The orc wizard shouts!
The orc warrior shouts!
There is a stone staircase leading up here.
You catch the helpless orc completely off-guard!
You impale the orc!!
You kill the orc!
The orc wizard points at you and mumbles some strange words.
The magic dart hits you.
* * * LOW HITPOINT WARNING * * *
The orc warrior unwields a +2 vorpal trident.
The orc warrior wields a +0 arbalest.
The orc warrior shoots a bolt.
The bolt hits you!
* * * LOW HITPOINT WARNING * * *
HP: 22/68 (-11) ===--------- !
The orc warrior shoots a bolt.
The bolt hits you!
* * * LOW HITPOINT WARNING * * *
HP: 14/68 (-8) ==---------- !
The orc warrior shoots a bolt.
The bolt hits you!
You die...

#........
+........#
#........#
#ooo.....#
#........#
+........#
#).......+
#<.......#
#........#
#........#
####@....#
+.....#
#.....#
#.....#
#.....#
#.....#
.....##
.....+


You could see an orc warrior, an orc wizard and an orc.

Vanquished Creatures
  A two-headed ogre (D:5)
  A slime creature (D:7)
  Sigmund (D:2)
  6 yaks (D:6)
  A vampire (D:7)
  A steam dragon (D:7)
  An orc warrior (D:7)
  3 sky beasts
  3 ogres
  2 black bears
  2 centaurs
  2 phantoms (D:5)
  A bullfrog (D:6)
  2 scorpions (D:5)
  6 howler monkeys
  3 orc priests
  A gnoll bouda (D:6)
  6 hounds
  Crazy Yiuf (D:3)
  6 orc wizards
  15 gnolls
  7 adders
  A shadow imp (D:7)
  2 ufetubi (D:6)
  A worm (D:2)
  4 dart slugs
  22 orcs
  13 ball pythons
  5 bats
  8 endoplasms
  A giant cockroach (D:4)
  8 hobgoblins
  4 jackals (D:1)
  2 quokkas (D:1)
  3 frilled lizards (D:1)
  6 goblins
  10 kobolds
  3 rats
165 creatures vanquished.

Notes
Turn   | Place    | Note
-------+----------+-------------------------------------------
     0 | D:1      | CannotBeFrozen the Demigod Warper began the quest for the
                  | Orb.
     0 | D:1      | Reached XP level 1. HP: 17/17 MP: 5/5
    66 | D:1      | Reached skill level 1 in Throwing
    66 | D:1      | Reached skill level 1 in Armour
   165 | D:1      | Reached skill level 2 in Long Blades
   194 | D:1      | Reached XP level 2. HP: 18/24 MP: 7/7
   220 | D:1      | Reached skill level 1 in Stealth
   439 | D:1      | Learned a level 2 spell: Blink
   605 | D:1      | Reached XP level 3. HP: 20/29 MP: 8/8
  1710 | D:2      | Reached XP level 4. HP: 28/36 MP: 9/9
  2178 | D:2      | Noticed Sigmund
  2731 | D:3      | Reached skill level 3 in Long Blades
  2755 | D:3      | Found a runed translucent door.
  2756 | D:3      | Noticed Crazy Yiuf
  3333 | D:3      | Reached XP level 5. HP: 34/41 MP: 10/10
  4008 | D:4      | Found Roch's General Store.
  4012 | D:4      | Bought a scroll of identify for 26 gold pieces
  4012 | D:4      | Bought a scroll of amnesia for 45 gold pieces
  4065 | D:4      | Found Ruenumig's Book Shop.
  4082 | D:4      | Reached skill level 4 in Long Blades
  4084 | D:4      | Noticed a centaur
  4145 | D:4      | Killed a centaur
  4411 | D:4      | Reached skill level 5 in Long Blades
  4445 | D:4      | Reached XP level 6. HP: 48/48 MP: 11/11
  4460 | D:4      | Found Idewnur's General Store.
  4591 | D:4      | Found Nielien's Magic Scroll Shop.
  4602 | D:4      | Bought a scroll of identify for 24 gold pieces
  4602 | D:4      | Bought a scroll of teleportation for 36 gold pieces
  4602 | D:4      | Bought a scroll of identify for 24 gold pieces
  4602 | D:4      | Bought a scroll of identify for 24 gold pieces
  4629 | D:4      | Identified the +8 rapier of the Magi {drain, Fly rPois}
  4821 | D:5      | Entered Level 5 of the Dungeon
  5149 | D:5      | Found a transporter.
  5152 | D:5      | Found a transporter.
  5153 | D:5      | Noticed ouz's ghost (novice DEHu)
  5232 | D:5      | Reached skill level 1 in Short Blades
  5381 | D:5      | Reached XP level 7. HP: 55/55 MP: 12/14
  5441 | D:5      | Noticed a two-headed ogre
  5647 | D:5      | Reached skill level 6 in Long Blades
  6779 | D:6      | Reached XP level 8. HP: 54/61 MP: 15/15
  6887 | D:6      | Reached skill level 5 in Translocations
  6896 | D:6      | Reached skill level 7 in Long Blades
  7158 | D:6      | Reached skill level 8 in Long Blades
  7392 | D:6      | Reached skill level 9 in Long Blades
  7656 | D:6      | Reached XP level 9. HP: 67/67 MP: 16/16
  7879 | D:6      | Found a staircase to the Ecumenical Temple.
  8391 | D:5      | Killed a two-headed ogre
  8392 | D:5      | Reached skill level 10 in Long Blades
  8512 | D:2      | Killed Sigmund
  8513 | D:2      | Reached skill level 11 in Long Blades
  8703 | D:3      | Killed Crazy Yiuf
  9321 | D:7      | Noticed Menkaure
 10428 | D:7      | Noticed a two-headed ogre
 10430 | D:7      | Noticed a kobold demonologist
 10844 | D:8      | Shot with a bolt by an orc warrior

Illustrated notes

Levels and vault maps discovered:
D:1:      giann_horns, layout_loops_ring,
          shapermc_ecumenical_altar_totnotflames, minmay_liquid_box
D:2:      layout_basic, basic_altar, uniq_sigmund
D:3:      layout_loops_ring, general_overflow_altar, uniq_crazy_yiuf_cottage
D:4:      layout_rooms, mainiacjoe_overflow_alcove_1,
          mainiacjoe_overflow_surrounded_room, serial_shops, shop,
          nicolae_shop_crystal, nicolae_shop_hallway_stairs,
          kennysheep_little_box
D:5:      layout_basic, mainiacjoe_overflow_paths, gammafunk_ghost_mausoleum,
          grunt_tough_drop
D:6:      layout_basic, minmay_temple_entry_enclosed_plants
D:7:      minmay_chambers_of_sixes, layout_loops_ring,
          grunt_temple_overflow_open, uniq_menkaure
D:8:      layout_gridville, nicolae_ru_great_annihilating_truth,
          lemuel_tele_altar, nicolae_zen_rock_garden, uniq_maurice,
          uniq_prince_ribbit1, uniq_erica

Skill      XL: |  1  2  3  4  5  6  7  8  9 |
---------------+----------------------------+-----
Throwing       | 1 2 |  2.0
Armour         | 1 |  1.0
Long Blades    | 2 3 5 6 9 11 | 11.3
Stealth        | 1 2 |  2.0
Fighting       | 2 |  2.6
Dodging        | 2 |  2.6
Spellcasting   | 2 3 |  3.3
Translocations | 3 4 5 |  5.3
Short Blades   | 1 2 |  2.7

Action                   |  1- 3 |  4- 6 |  7- 9 || total
-------------------------+-------+-------+-------++-------
Melee: Falchion          |    95 |       |       ||    95
       Short sword       |    28 |   107 |    36 ||   171
       Punch             |       |     1 |     3 ||     4
       Rapier            |       |    37 |   164 ||   201
Throw: Boomerang         |    10 |     8 |     2 ||    20
       Dart              |       |     5 |    32 ||    37
       Stone             |       |     5 |       ||     5
 Cast: Blink             |       |     1 |     8 ||     9
Evoke: Wand              |       |       |     1 ||     1
  Use: Scroll            |       |     8 |     6 ||    14
 Stab: Sleeping          |     4 |     4 |     5 ||    13
       Distracted        |       |       |     1 ||     1
Armor: Leather armour    |    21 |    11 |       ||    32
       Robe              |       |    19 |    24 ||    43
Dodge: Dodged            |    78 |    63 |    95 ||   236
Block: Other             |       |    22 |    25 ||    47
       Reflection        |       |     1 |       ||     1

Table legend: (Time is in decaauts)
 A = Elapsed time spent in this place.
 B = Non-inter-level travel time spent in this place.
 C = Inter-level travel time spent in this place.
 D = Time resting spent in this place.
 E = Time spent auto-exploring this place.
 F = Levels seen in this place.
 G = Mean time per level.
                   A        B        C        D        E       F      G
               +--------+--------+--------+--------+--------+-----+--------+
         Total |  10833 |  10215 |    618 |   3243 |   4607 |   8 | 1354.1 |
       Dungeon |  10833 |  10215 |    618 |   3243 |   4607 |   8 | 1354.1 |
               +--------+--------+--------+--------+--------+-----+--------+

Top non-repeatable levels by time:
     D:7: 1978 daAuts
     D:5: 1768 daAuts
     D:6: 1694 daAuts
     D:2: 1609 daAuts
     D:3: 1388 daAuts
     D:1: 1380 daAuts
     D:4: 1010 daAuts
     D:8: 3 daAuts
